 Dungeon Crawl Stone Soup version 0.23-a0-358-g98c7a59 (webtiles) character file.

749 namelastname112 the Skirmisher (level 7, -3/66 HPs)
             Began as a Black Draconian Wanderer on Oct 22, 2018.
             Killed themself with a bounced orb of electricity (11 damage)
             ... in an ossuary.
             The game lasted 00:08:55 (5058 turns).

namelastname112 the Skirmisher (DrWn)               Turns: 5058, Time: 00:08:56

Health: -3/66      AC:  6    Str: 10 (12) XL:     7   Next: 48%
Magic:  10/10      EV: 15    Int:  9 (12) God:
Gold:   138        SH:  0    Dex: 14 (15) Spells: 10/10 levels left

rFire    + . .     SeeInvis .   d - +1 hand axe
rCold    + + .     Gourm    .   (no shield)
rNeg     . . .     Faith    .   (armour unavailable)
rPois    +         Spirit   .   (helmet restricted)
rElec    +         Reflect  .   (no cloak)
rCorr    +         Harm     .   (no gloves)
MR       .....                  (no boots)
Stlth    ..........             (no amulet)
HPRegen  0.21/turn              c - ring of protection from cold
MPRegen  0.12/turn              t - ring of attention (curse)

@: resistant, slowed, very slow
A: breathe lightning, unfitting armour, electricity resistance, cold-blooded, AC
+6
a: Breathe Lightning


You were in an ossuary.
You were near starving.

You visited 1 branch of the dungeon, and saw 4 of its levels.
You also visited: Sewer and Ossuary.

You collected 138 gold pieces.

Inventory:

Hand Weapons
 b - a +2 blowgun
 d - a +1 hand axe (weapon)
Missiles
 a - 3 curare-tipped needles
Jewellery
 c - a ring of protection from cold (left hand)
 t - a cursed ring of attention (right hand)
 v - an uncursed ring of magical power
 x - the ring "Nagaal" {Str-5 Int+5 Stlth-}
   (You found it in an ossuary)

   [ring of attention]

   It affects your strength (-5).
   It affects your intelligence (+5).
   It makes you less stealthy.
Scrolls
 e - a scroll of enchant armour
 h - 2 scrolls of identify
 i - 2 scrolls of fear
 o - a scroll of remove curse {unknown}
 q - a scroll of magic mapping {unknown}
 u - 2 scrolls of amnesia {unknown}
Potions
 m - a potion of brilliance
 r - a potion of might
Comestibles
 f - 5 rations


   Skills:
 + Level 7.2 Fighting
 - Level 2.0 Axes
 - Level 1.0 Throwing
 + Level 5.2 Dodging
 - Level 2.0 Spellcasting
   Level 1.0 Conjurations
   Level 1.0 Evocations


You had 10 spell levels left.
You didn't know any spells.
Your spell library was empty.

Dungeon Overview and Level Annotations

Branches:
Dungeon (4/15)
 Temple: D:4-7

Altars:
Trog


Innate Abilities, Weirdness & Mutations

You can breathe wild blasts of lightning.
Your glossy black scales are hard. (AC +6)
You cannot fit into any form of body armour.
You are resistant to electric shocks. (rElec)
You are cold-blooded and may be slowed by cold attacks.


Message History

You close the door.
A bog mummy opens the door.
You close the door.
A bog mummy opens the door.
There's a creature in the doorway!
There's a creature in the doorway!
There's a creature in the doorway!
You breathe a wild blast of lightning!
You hear a mighty clap of thunder!
The bolt of lightning misses you.
The bolt of lightning hits the bog mummy.
The bog mummy is moderately damaged.
The bolt of lightning hits the bog mummy.
The bog mummy is severely damaged.
You hear a mighty clap of thunder! x2
The orb of electricity explodes!
The orb of electricity engulfs the bog mummy.
You destroy the bog mummy!
The orb of electricity engulfs the bog mummy.
You destroy the bog mummy!
The orb of electricity engulfs you! You resist.
You die...

'.'.# '...≈≈#≈#
###Z##### #####.#≈
≈≈## #.'Z#...#
#?!?#≈≈ ≈≈≈≈#
###≈≈...#
#!!!≈≈##≈≈≈#
#P.Z#...# #...≈#
#Z≈.#####≈#####.≈≈##
#...≈≈≈.≈≈M≈.≈≈≈≈.#
###≈#.≈≈≈.#≈#'#'###
#P# .#. .≈.#@# ≈##
#≈##≈##≈# ≈# ≈≈ ≈#
#≈≈ #≈ #≈ # ≈≈# # ≈
#≈# ##


There were no monsters in sight!

Vanquished Creatures
  A wyvern zombie (Ossuary)
  A bullfrog zombie (Ossuary)
  A centaur zombie (Ossuary)
  A worker ant (D:4)
  4 killer bee zombies (Ossuary)
  15 mummies (Ossuary)
  2 worker ant zombies (Ossuary)
  8 adders
  2 river rats (Sewer)
  4 oozes
  An adder skeleton (D:4)
  3 dart slugs
  2 leopard geckos
  3 orcs (D:3)
  A ball python (Sewer)
  8 bats
  7 giant cockroaches
  6 goblins
  5 hobgoblins
  4 jackals (D:3)
  13 kobolds
  3 quokkas
  11 frilled lizards
  A giant cockroach zombie (Ossuary)
  11 rats
118 creatures vanquished.

Vanquished Creatures (others)
  5 withered plants (Ossuary)
5 creatures vanquished.

Grand Total: 123 creatures vanquished

Notes
Turn   | Place    | Note
-------+----------+-------------------------------------------
     0 | D:1      | namelastname112 the Draconian Wanderer began the quest for
                  | the Orb.
     0 | D:1      | namelastname112 set off with: 3 curare-tipped needles, a +2
                  | blowgun, a +0 mace, a +0 hand axe, a ration
     0 | D:1      | Reached XP level 1. HP: 19/19 MP: 3/3
   131 | D:1      | Reached skill level 1 in Dodging
   131 | D:1      | Reached XP level 2. HP: 22/27 MP: 5/5
   419 | D:1      | Reached skill level 4 in Fighting
   421 | D:1      | Reached XP level 3. HP: 26/33 MP: 6/6
   791 | D:2      | Found a bloodstained altar of Trog.
  1402 | D:2      | Reached XP level 4. HP: 40/41 MP: 7/7
  2016 | D:3      | Found a glowing drain.
  2055 | Sewer    | Entered a sewer
  2073 | Sewer    | Reached skill level 5 in Fighting
  2262 | Sewer    | Reached XP level 5. HP: 21/48 MP: 8/8
  3559 | D:4      | Found a sand-covered staircase.
  3586 | Ossuary  | Entered an ossuary
  3899 | Ossuary  | Reached XP level 6. HP: 28/57 MP: 9/9
  4190 | Ossuary  | Reached skill level 6 in Fighting
  4438 | Ossuary  | Your scales start taking on a glossy black colour.
  4438 | Ossuary  | Reached XP level 7. HP: 18/64 MP: 10/10
  4438 | Ossuary  | Gained mutation: You are resistant to electric shocks.
                  | (rElec) [Black Draconian growth]
  4457 | Ossuary  | Got a twitching ivory ring
  4473 | Ossuary  | HP: 2/64 [bog mummy (13)]
  5007 | Ossuary  | Reached skill level 7 in Fighting
  5007 | Ossuary  | Reached skill level 5 in Dodging
  5021 | Ossuary  | HP: 3/66 [bullfrog zombie (2)]
  5034 | Ossuary  | Identified the ring "Nagaal" {Str-5 Int+5 Stlth-} (You
                  | found it in an ossuary)
  5035 | Ossuary  | HP: 3/66 [bog mummy/puff of frost (2)]
  5058 | Ossuary  | Killed themself with a bounced orb of electricity

Vault maps used:
D:1:      minmay_arrival_floating_metal, minmay_pentomino_x2
D:2:      wad_lake_hut, lemuel_doored_altar
D:3:      gup_sewer_entry_glass
D:4:      lightli_ossuary_entry_decrepit_ruins, first_ration, lemuel_tele_altar
Sewer:    sewer_co_cracked_pipes
Ossuary:  ossuary_zaba_flooded

Skill      XL: |  1  2  3  4  5  6  7 |
---------------+----------------------+-----
Dodging        | 1 2 3 4 5 |  5.2
Fighting       | 4 5 6 7 |  7.2
Axes           | |  2.0
Throwing       | |  1.0
Spellcasting   | |  2.0
Conjurations   | |  1.0
Evocations     | |  1.0

Action                   |  1- 3 |  4- 6 |  7- 9 || total
-------------------------+-------+-------+-------++-------
Melee: Hand axe          |   105 |   365 |    42 ||   512
       Tailslap          |    14 |    43 |     7 ||    64
 Abil: Breathe Lightning |       |       |     3 ||     3
  Use: Potion            |       |     8 |     7 ||    15
       Scroll            |       |       |     8 ||     8
 Stab: Sleeping          |     4 |     2 |       ||     6
  Eat: Chunk             |     2 |     8 |       ||    10
       Ration            |       |     1 |       ||     1
Armor: Skin              |    31 |   101 |    12 ||   144
Dodge: Dodged            |    66 |   297 |    34 ||   397

Table legend:
 A = Non-vault XP
 B = Vault XP
 C = Vault XP percentage of total XP
 D = Non-vault monster count
 E = Vault monster count
 F = Vault count percentage of total count
                 A         B        C        D         E       F
            +---------+---------+-------+---------+---------+-------
      Total |     248 |     823 |  76.8 |      69 |      49 |  41.5
            +---------+---------+-------+---------+---------+-------
        D:1 |      41 |       4 |   8.9 |      16 |       2 |  11.1
        D:2 |      75 |       0 |   0.0 |      25 |       0 |   0.0
        D:3 |      93 |      21 |  18.4 |      26 |       5 |  16.1
        D:4 |      39 |       0 |   0.0 |       2 |       0 |   0.0
      Sewer |       0 |      56 | 100.0 |       0 |      17 | 100.0
    Ossuary |       0 |     742 | 100.0 |       0 |      25 | 100.0
            +---------+---------+-------+---------+---------+-------
